 Dungeon Crawl Stone Soup version 0.32-a0-411-g744942f433 (webtiles) character file.

Game seed: 1485594212218601934

1974 shadowstone the Cleaver (level 9, -25/75 HPs)
             Began as a Minotaur Fighter on Feb 20, 2024.
             Was a Priest of Ru.
             Annihilated by a boulder beetle (27 damage)
             ... on level 7 of the Dungeon.
             The game lasted 00:16:24 (4816 turns).

shadowstone the Cleaver (Minotaur Fighter)          Turns: 4816, Time: 00:16:24

Health: -25/75     AC: 21    Str: 30    XL:     9   Next: 0%
Magic:  8/8        EV:  8    Int:  5    God:    Ru [***...]
Gold:   426        SH:  5    Dex: 11    Spells: 8/8 levels left

rFire   . . .        D - +2 rapier (vamp)
rCold   . . .        c - +0 buckler
rNeg    . . .        u - +3 plate armour
rPois   .            (helmet restricted)
rElec   .            e - +1 cloak
rCorr   .            x - +0 pair of gloves
SInv    .            C - +1 pair of boots
Will    +....        (no amulet) Stlth
                     F - ring of willpower
HPRegen 0.32/turn    G - +6 ring of strength
MPRegen 0.11/turn

%: no passive effects
@: lethally poisoned (-25 -> -29)
A: horns 2, inability to drink after injury 2, inability to read after injury 2,
retaliatory headbutt
a: Renounce Religion, Draw Out Power


You were on level 7 of the Dungeon.
You worshipped Ru.
Ru was most pleased with you.
You visited 2 branches of the dungeon, and saw 8 of its levels.

You collected 426 gold pieces.

Inventory:

Hand Weapons
 a - a +0 war axe
 m - a +2 war axe of flaming
 w - a +4 spear
 y - a +2 heavy trident
 D - a +2 vampiric rapier (weapon)
 E - a +0 giant club
 H - a +2 heavy mace
 I - a +0 orcbow
Missiles
 i - 7 boomerangs
 r - 3 poisoned darts
 t - 9 javelins
Armour
 b - a +0 scale mail
 c - a +0 buckler (worn)
 e - a +1 cloak (worn)
 j - a +0 helmet
 p - a +0 plate armour
 u - a +3 plate armour (worn)
 x - a +0 pair of gloves (worn)
 C - a +1 pair of boots (worn)
Jewellery
 F - a ring of willpower (left hand)
 G - a +6 ring of strength (right hand)
Wands
 f - a wand of flame (25)
 q - a wand of quicksilver (6) (quivered)
 B - a wand of polymorph (7)
Scrolls
 g - a scroll of fog
 n - 9 scrolls of identify
 o - 2 scrolls of teleportation {unknown}
 s - a scroll of brand weapon {unknown}
Potions
 d - 2 potions of might
 h - a potion of curing {unknown}
 k - 2 potions of degeneration {unknown}
 l - 3 potions of brilliance
 v - a potion of heal wounds {unknown}
 z - a potion of magic {unknown}
 A - a potion of ambrosia {unknown}


   Skills:
 + Level 6.0 Fighting
 + Level 3.8 Short Blades
 + Level 8.0(8.4) Axes
 + Level 3.5(6.2) Polearms
 + Level 2.3 Throwing
 + Level 6.5 Armour
 + Level 2.1 Dodging
 + Level 1.0 Stealth
 + Level 6.5 Shields


You had 8 spell levels left.
You didn't know any spells.
Your spell library contained the following spells:

 Spells                   Type           Power      Damage    Failure   Level
 Inner Flame              Hex/Fire       0%         N/A       100%        3
 Flame Wave               Conj/Fire      0%         2d4       100%        4
 Sticky Flame             Fire/Alch      0%         2d4       100%        4


Dungeon Overview and Level Annotations

Branches:
Dungeon (7/15)             Temple (1/1) D:4

Altars:
Dithmenos
Elyvilon
Makhleb
Ru
Sif Muna
Uskayaw
Wu Jian
The Shining One

Shops:
D:2 *


Innate Abilities, Weirdness & Mutations

You have a pair of horns on your head.
You sometimes lose the ability to drink potions when taking damage.
You sometimes lose the ability to read scrolls when taking damage.
You reflexively headbutt those who attack you in melee.


Message History

The bullfrog is stunned by your conviction and fails to attack.
The killer bee stings you but does no damage.
The killer bee closely misses you. You furiously retaliate!
You headbutt the killer bee!
You kill the killer bee!
The iguana bites you but does no damage.
The bullfrog hits you but does no damage.
The killer bee stings you but does no damage. x3
You have reached level 9!
Your experience leads to an increase in your attributes!
Your base attributes are Str 22, Int 5, Dex 11.
Increase (S)trength, (I)ntelligence, or (D)exterity?
You feel stronger. x2
You hit the killer bee. Your headbutt misses the killer bee.
The killer bee is heavily wounded.
* * * LOW HITPOINT WARNING * * *
You feel sick.
The killer bee stings you but does no damage. x2
The killer bee closely misses you. The bullfrog hits you.
* * * LOW HITPOINT WARNING * * *
An orc comes into view. It is wielding a +0 short sword.
A white imp comes into view.
The iguana is stunned by your conviction and fails to attack.
The killer bee stings you but does no damage. x3
You hit the killer bee but do no damage.
The killer bee is heavily wounded.
* * * LOW HITPOINT WARNING * * *
You feel sick.
The bullfrog is stunned by your conviction and fails to attack.
The killer bee barely misses you. x2; You furiously retaliate!
You headbutt the killer bee, but do no damage.
The killer bee barely misses you. You furiously retaliate!
You headbutt the killer bee, but do no damage.
The bullfrog hits you but does no damage.
The iguana bites you but does no damage.
You block the killer bee's attack. x2
The killer bee stings you but does no damage.
The boulder beetle hits you!!
You die...
Ru respects your ultimate sacrifice.

....... . #<...... ..
##.5.o.h.. . ...
#......... .. ....##
#............
....####+#...##......
###...#..#...°°....
#...#<..)yFy○###.##.#
#.......†y@B..$.....#
#..........l.......##
#...............#.#..#
...#.............#.#
..# .#
#................ .
#.............#.##
...................
#########..........
.....#.


You could see a boulder beetle (rolling), a bullfrog, an iguana, 3 killer bees,
a white imp and an orc.

Vanquished Creatures
  An ice beast (D:4)
  A black bear (D:6)
  An ogre (D:6)
  2 centaurs
  A phantom (D:5)
  A bullfrog (D:7)
  3 scorpions
  3 killer bees (D:7)
  5 howler monkeys
  3 bombardier beetles
  4 jellies
  2 orc priests
  2 hounds
  A sleepcap (D:6)
  3 iguanas
  5 orc wizards
  8 gnolls (D:4)
  9 adders
  2 white imps
  2 ufetubi (D:6)
  A ribbon worm (D:3)
  19 orcs
  10 ball pythons
  4 endoplasms
  2 goblins
  7 hobgoblins
  7 jackals (D:4)
  4 quokkas
  9 bats
  3 frilled lizards
  6 kobolds
  3 rats
134 creatures vanquished.

Notes
Turn   | Place    | Note
-------+----------+-------------------------------------------
     0 | D:1      | shadowstone the Minotaur Fighter began the quest for the
                  | Orb.
     0 | D:1      | Reached XP level 1. HP: 19/19 MP: 0/0
   233 | D:1      | Reached XP level 2. HP: 27/27 MP: 1/1
   401 | D:1      | You fall into a shaft and drop 1 floor!
   449 | D:2      | Reached XP level 3. HP: 28/33 MP: 2/2
   582 | D:2      | Reached skill level 1 in Dodging
   606 | D:2      | Reached skill level 3 in Axes
   635 | D:2      | Reached XP level 4. HP: 40/40 MP: 3/3
   682 | D:2      | Found Uqood's Assorted Antiques.
  1037 | D:3      | Found a faded altar of an unknown god.
  1055 | D:3      | Prayed at the altar of an unknown god.
  1055 | D:3      | Became a worshipper of Ru the Awakened
  1068 | D:3      | Gained mutation: You occasionally lose the ability to read
                  | scrolls when taking damage. [Ru sacrifice]
  1068 | D:3      | Gained mutation: You sometimes lose the ability to read
                  | scrolls when taking damage. [Ru sacrifice]
  1068 | D:3      | Reached * piety under Ru
  1187 | D:3      | Reached XP level 5. HP: 36/47 MP: 4/4
  1210 | D:3      | Found a burning altar of Makhleb.
  1518 | D:3      | Reached skill level 5 in Armour
  1712 | D:3      | Found a glowing golden altar of the Shining One.
  2085 | D:4      | Noticed an ice beast
  2096 | D:4      | Killed an ice beast
  2097 | D:4      | Reached skill level 4 in Axes
  2097 | D:4      | Reached XP level 6. HP: 54/55 MP: 5/5
  2107 | D:4      | Reached skill level 5 in Fighting
  2117 | D:4      | Reached skill level 5 in Axes
  2336 | D:4      | Reached skill level 6 in Axes
  2342 | D:4      | Reached XP level 7. HP: 61/61 MP: 6/6
  2558 | D:4      | Reached skill level 1 in Throwing
  2718 | D:4      | Reached skill level 7 in Axes
  2792 | D:4      | Found a staircase to the Ecumenical Temple.
  2829 | Temple   | Entered the Ecumenical Temple
  3062 | D:5      | Entered Level 5 of the Dungeon
  3180 | D:5      | Found an ornate altar of the Wu Jian Council.
  3208 | D:5      | Found a sacrificial altar of Ru.
  3237 | D:5      | Gained mutation: You occasionally lose the ability to drink
                  | potions when taking damage. [Ru sacrifice]
  3237 | D:5      | Gained mutation: You sometimes lose the ability to drink
                  | potions when taking damage. [Ru sacrifice]
  3237 | D:5      | Reached ** piety under Ru
  3237 | D:5      | Reached *** piety under Ru
  3419 | D:5      | Found a shadowy altar of Dithmenos.
  3622 | D:5      | Reached XP level 8. HP: 65/69 MP: 7/7
  3830 | D:6      | Reached skill level 1 in Polearms
  3859 | D:6      | Reached skill level 8 in Axes
  3953 | D:6      | Found a hide-covered altar of Uskayaw.
  4114 | D:6      | Reached skill level 5 in Shields
  4182 | D:6      | Reached skill level 1 in Short Blades
  4447 | D:6      | Found a white marble altar of Elyvilon.
  4730 | D:7      | Reached skill level 1 in Stealth
  4801 | D:7      | Noticed a boulder beetle
  4815 | D:7      | Reached XP level 9. HP: 7/75 MP: 8/8
  4815 | D:7      | HP: 2/75 [bullfrog (3)]
  4816 | D:7      | Annihilated by a boulder beetle

Illustrated notes

Levels and vault maps discovered:
D:1:      co_arrival_random_square_maze, layout_basic,
          minmay_misc_feat_more_columns
D:2:      layout_rooms, serial_shops, nicolae_shop_peninsula
D:3:      layout_basic, bloody_makhleb, tso_metal_star,
          nicolae_ecumenical_snake_handling
D:4:      layout_cave_pods, minmay_temple_entry_purple_smoke
D:5:      layout_loops_ring, mainiacjoe_overflow_surrounded_room,
          nicolae_ru_awakened_eye, mainiacjoe_overflow_concentric_impassable
D:6:      layout_basic, overflow_temple_1_default, pf_just_have_faith
D:7:      layout_rooms, regret_index_temple_of_mockery,
          mainiacjoe_overflow_tiny_flanked, moated_statue, kennysheep_doodads,
          uniq_crazy_yiuf_cottage
Temple:   ebering_the_one_and_only

Skill      XL: |  1  2  3  4  5  6  7  8 |
---------------+-------------------------+-----
Armour         | 4 5 6 |  6.5
Fighting       | 4 5 6 |  6.0
Shields        | 4 6 |  6.5
Dodging        | 1 2 |  2.1
Axes           | 3 4 6 7 8 |  8.0
Throwing       | 2 |  2.3
Polearms       | 3 |  3.5
Short Blades   | 3 |  3.8
Stealth        | 1 |  1.0

Action                     |  1- 3 |  4- 6 |  7- 9 || total
---------------------------+-------+-------+-------++-------
  Melee: War axe           |    64 |    91 |    21 ||   176
         Headbutt          |     4 |    11 |    29 ||    44
         Trident           |       |       |    36 ||    36
         Rapier            |       |       |   119 ||   119
  Throw: Boomerang         |       |     1 |    15 ||    16
 Invoke: Sacrifice Words   |       |     1 |       ||     1
         Sacrifice Drink   |       |       |     1 ||     1
  Evoke: Wand              |       |       |     2 ||     2
    Use: Scroll            |       |     2 |       ||     2
   Stab: Invisible         |       |       |     2 ||     2
 Armour: Scale mail        |    70 |    42 |       ||   112
         Plate armour      |       |    49 |   294 ||   343
         Skin              |       |     2 |       ||     2
  Dodge: Dodged            |    51 |    47 |   103 ||   201
  Block: Buckler           |    30 |    30 |    85 ||   145

Table legend: (Time is in decaauts)
 A = Elapsed time spent in this place.
 B = Non-inter-level travel time spent in this place.
 C = Inter-level travel time spent in this place.
 D = Time resting spent in this place.
 E = Time spent auto-exploring this place.
 F = Levels seen in this place.
 G = Mean time per level.
                   A        B        C        D        E       F      G
               +--------+--------+--------+--------+--------+-----+--------+
         Total |   4914 |   4785 |    129 |     82 |   2531 |   8 |  614.2 |
       Dungeon |   4908 |   4779 |    129 |     82 |   2531 |   7 |  701.1 |
        Temple |      5 |      5 |      0 |      0 |      0 |   1 |    5.0 |
               +--------+--------+--------+--------+--------+-----+--------+

Top non-repeatable levels by time:
     D:3: 1083 daAuts
     D:4: 1026 daAuts
     D:6: 886 daAuts
     D:5: 785 daAuts
     D:2: 598 daAuts
     D:1: 409 daAuts
     D:7: 118 daAuts
  Temple: 5 daAuts
